 Dungeon Crawl Stone Soup version 0.27-a0-1612-gde56a17b89 (webtiles) character file.

Game seed: 4190016988290870555

241 Shayle the Grasshopper (level 5, -1/44 HPs)
             Began as a Demigod Warper on July 20, 2021.
             Slain by Grinder (6 damage)
             ... on level 4 of the Dungeon on July 22, 2021.
             The game lasted 00:11:52 (4132 turns).

Shayle the Grasshopper (Demigod Warper)             Turns: 4132, Time: 00:11:53

Health: -1/44      AC:  4    Str: 12    XL:     5   Next: 51%
Magic:  7/10       EV: 11    Int: 21    God:
Gold:   87         SH:  0    Dex: 13    Spells: 1/7 levels left

rFire    . . .     SeeInvis .   k - +8 dagger "Newtbane" {freeze, Fly Int+2}
rCold    . . .     Faith    .   (no shield)
rNeg     . . .     Spirit   .   b - +1 leather armour
rPois    .         Reflect  .   (no helmet)
rElec    .         Harm     .   (no cloak)
rCorr    .         Rampage  .   (no gloves)
Will     .....                  (no boots)
Stlth    +.........             (no amulet)
HPRegen  0.14/turn              (no ring)
MPRegen  0.12/turn              (no ring)

@: mighty, flying
A: high mp 1, forlorn
a: no special abilities


You were on level 4 of the Dungeon.
You visited 1 branch of the dungeon, and saw 5 of its levels.

You collected 139 gold pieces.
You spent 52 gold pieces at shops.

Inventory:

Hand Weapons
 a - a +0 spear
 d - a +2 whip of freezing
 k - the +8 dagger "Newtbane" (weapon) {freeze, Fly Int+2}
   (You took it off a kobold on level 4 of the Dungeon)

   It freezes those it strikes, dealing additional cold damage.
   It can also slow down cold-blooded creatures.
   Int:       It affects your intelligence (+2).
   Fly:       It grants you flight.
Missiles
 m - 8 javelins (quivered)
Armour
 b - a +1 leather armour (worn)
 h - a +2 pair of boots
Wands
 j - a wand of flame (10)
Scrolls
 c - a scroll of blinking
 f - 3 scrolls of fog
 g - a scroll of teleportation
 i - a scroll of enchant armour
Potions
 e - 2 potions of lignification
 n - a potion of might


   Skills:
 + Level 2.9 Fighting
 - Level 2.4 Polearms
 - Level 0.8 Throwing
 + Level 2.1 Armour
 - Level 2.0 Dodging
 - Level 1.7 Spellcasting
 + Level 3.6 Translocations
 + Level 2.1 Ice Magic
 + Level 1.2 Evocations


You had one spell level left.
You knew the following spells:

 Your Spells              Type           Power      Damage    Failure   Level
a - Freeze                Ice            40%        1d6       9%          1
b - Blink                 Tloc           N/A        N/A       7%          2
c - Frozen Ramparts       Ice            20%        1d4       24%         3

Your spell library contained the following spells:

 Spells                   Type           Power      Damage    Failure   Level
 Corona                   Hex            1%         N/A       19%         1
 Gell's Gravitas          Tloc           8%         N/A       13%         3
 Lesser Beckoning         Tloc           8%         N/A       13%         3
 Teleport Other           Tloc           17%        N/A       13%         3
 Ensorcelled Hibernation  Hex/Ice        12%        N/A       19%         2
 Tukima's Dance           Hex            1%         N/A       50%         3
 Hailstorm                Conj/Ice       6%         3d4       77%         4
 Manifold Assault         Tloc           17%        N/A       77%         5


Dungeon Overview and Level Annotations

Branches:
Dungeon (5/15)
 Temple: D:4-7

Shops:
D:1 [   D:3 !

Annotations:
D:4 Grinder


Innate Abilities, Weirdness & Mutations

Your attributes grow dramatically as you level up.
You have an increased reservoir of magic. (+10% MP)
You shall have no god before yourself.


Message History

Grinder gestures at you. Pain shoots through your body!
You hear a splashing noise.
Found a stone staircase leading down.
Grinder gestures at you.
You struggle to resist.
Casting: Frozen Ramparts (quite dangerous; 24% risk of failure)
Confirm with . or Enter, or press ? or * to list all spells.
You blink.
Found a scroll labelled KOZYTH YCHON.
Grinder says, "Are you a fish?"
Grinder blinks!
Grinder gestures at you. Pain shoots through your body!
You feel very mighty all of a sudden.
Grinder blinks!
You puncture the endoplasm! You freeze the endoplasm.
You kill the endoplasm!
Grinder blinks!
The orc closely misses you. Grinder gestures at you.
You suddenly lose the ability to move!
The orc hits you but does no damage. The orc hits you with a +0 dagger.
Grinder says, "Mostly I couldn't keep them alive."
Grinder gestures at you.
You shrug off the repeated paralysis!
You can move again.
Unknown command.
The orc hits you with a +0 dagger.
* * * LOW HITPOINT WARNING * * *
You puncture the orc! You freeze the orc.
You kill the orc!
There is a stone staircase leading down here.
Things that are here:
a +0 dagger; a +1 leather armour of fire resistance Grinder hits you!
* * * LOW HITPOINT WARNING * * *
You writhe in agony.
You die...

## #? ##. #..######
##.......###
####..........##
...............#
.........>.....#
.........@.....####
.........5........##
...............##..##
...P................######
.......................).#
...P.......♣....♣♣♣...)...
.....#....♣♣.≈.♣ ♣...♣P..
.P..##.....≈≈≈.P........
.. #....≈≈≈≈≈P♣...♣...


You could see Grinder.

Vanquished Creatures
  An ogre (D:4)
  An orc wizard (D:4)
  3 gnolls (D:4)
  4 adders
  An adder skeleton (D:4)
  2 dart slugs
  3 orcs (D:4)
  7 endoplasms
  3 giant cockroaches
  2 goblins
  5 hobgoblins
  3 jackals (D:3)
  5 quokkas
  5 ball pythons
  3 bats (D:2)
  3 frilled lizards
  8 kobolds
  5 rats
64 creatures vanquished.

Notes
Turn   | Place    | Note
-------+----------+-------------------------------------------
     0 | D:1      | Shayle the Demigod Warper began the quest for the Orb.
     0 | D:1      | Reached XP level 1. HP: 17/17 MP: 5/5
    87 | D:1      | Learned a level 1 spell: Freeze
   580 | D:1      | Found Vaeqag's Armour Emporium.
   678 | D:1      | Reached XP level 2. HP: 13/24 MP: 7/7
   678 | D:1      | Upgraded the game from 0.27-a0-1595-g0b823d0a13 to
                  | 0.27-a0-1612-gde56a17b89
   921 | D:1      | Learned a level 2 spell: Blink
  1081 | D:2      | Reached skill level 1 in Armour
  1556 | D:2      | Reached skill level 3 in Translocations
  1558 | D:2      | Reached XP level 3. HP: 23/29 MP: 0/8
  1769 | D:2      | Reached skill level 1 in Ice Magic
  3354 | D:3      | Reached XP level 4. HP: 37/37 MP: 9/9
  3592 | D:3      | Found Cilad's Distillery.
  3600 | D:3      | Bought a potion of curing for 39 gold pieces
  3600 | D:3      | Bought a potion of degeneration for 13 gold pieces
  3742 | D:4      | Learned a level 3 spell: Frozen Ramparts
  3854 | D:4      | Identified the +8 dagger "Newtbane" {freeze, Fly Int+2}
  3926 | D:4      | Noticed an ogre
  3942 | D:4      | Killed an ogre
  3943 | D:4      | Reached XP level 5. HP: 26/42 MP: 1/10
  4002 | D:4      | Reached skill level 1 in Evocations
  4020 | D:4      | You are sucked into a shaft and drop 1 floor!
  4020 | D:5      | Entered Level 5 of the Dungeon
  4036 | D:4      | Noticed Grinder
  4126 | D:4      | Paralysed by Grinder for 3 turns
  4132 | D:4      | Slain by Grinder

Illustrated notes

Levels and vault maps discovered:
D:1:      wander_arrival_lonely_grave, layout_rooms, serial_shops, shop,
          kennysheep_another_room
D:2:      layout_basic, minmay_octomino_e4
D:3:      layout_basic, serial_shops, shop
D:4:      layout_cave_pods, serial_park, serial_park_tiny_pond,
          serial_park_avenue1, serial_park_gazebo [serial_park_minivault_5x5_2],
          serial_park_square2, portal_sewer_entry_d, uniq_grinder
D:5:      due_chaos_kobolds, layout_basic, minmay_strange_pillars,
          guppyfry_early_lair_pool

Skill      XL: |  1  2  3  4  5 |
---------------+----------------+-----
Fighting       | 2 |  2.9
Polearms       | 2 |  2.4
Dodging        | 2 |  2.0
Armour         | 1 2 |  2.1
Translocations | 3 |  3.6
Ice Magic      | 1 2 |  2.1
Evocations     | 1 |  1.2
Throwing       | |  0.8
Spellcasting   | |  1.7

Action                   |  1- 3 |  4- 6 || total
-------------------------+-------+-------++-------
Melee: Spear             |   146 |    24 ||   170
       Whip              |       |    14 ||    14
       Dagger            |       |    13 ||    13
Throw: Boomerang         |     5 |       ||     5
 Cast: Freeze            |    23 |     5 ||    28
       Frozen Ramparts   |       |     4 ||     4
       Blink             |       |     2 ||     2
Evoke: Wand              |       |     1 ||     1
  Use: Scroll            |     3 |     5 ||     8
       Potion            |     1 |     4 ||     5
Armor: Leather armour    |    51 |    10 ||    61
       Skin              |     4 |       ||     4
Dodge: Dodged            |    93 |    34 ||   127

Table legend: (Time is in decaauts)
 A = Elapsed time spent in this place.
 B = Non-inter-level travel time spent in this place.
 C = Inter-level travel time spent in this place.
 D = Time resting spent in this place.
 E = Time spent auto-exploring this place.
 F = Levels seen in this place.
 G = Mean time per level.
                   A        B        C        D        E       F      G
               +--------+--------+--------+--------+--------+-----+--------+
         Total |   4133 |   4036 |     97 |    878 |   2332 |   5 |  826.6 |
       Dungeon |   4133 |   4036 |     97 |    878 |   2332 |   5 |  826.6 |
               +--------+--------+--------+--------+--------+-----+--------+

Top non-repeatable levels by time:
     D:2: 1627 daAuts
     D:3: 1090 daAuts
     D:1: 929 daAuts
     D:4: 481 daAuts
     D:5: 4 daAuts
